BSA
SPRINGFIELD STARS @ AUSTIN RIVER SHARKS
06/19/2030
 
TOP OF THE 1ST
Springfield Stars batting - Pitching for Austin River Sharks : RHP António Rijo
Pitching: RHP António Rijo
Batting: SHB António De La Cruz 0-0: Ball
1-0: Foul Ball, location: 2F
1-1: Called Strike
1-2: Ball
2-2: Fly out, F9 (Flyball, 9LSF)
Batting: LHB Jesús Tobías 0-0: Called Strike
0-1: Swinging Strike
0-2: Foul Ball, location: 2F
0-2: Ball
1-2: Ball
2-2: Ball
3-2: Fly out, F8 (Flyball, 8LD)
Batting: LHB Derek Davidson 0-0: Called Strike
0-1: Called Strike
0-2: Strikes out swinging
Top of the 1st over - 0 runs, 0 hits, 0 errors, 0 left on base; Springfield 0 - Austin 0
BOTTOM OF THE 1ST
Austin River Sharks batting - Pitching for Springfield Stars : RHP Rien Middelkamp
Pitching: RHP Rien Middelkamp
Batting: LHB Enrico Vargas 0-0: Ball
1-0: Foul Ball, location: 2F
1-1: Foul Ball, location: 2F
1-2: Ball
2-2: Ground out 1-3 (Groundball, 13S)
Batting: RHB Richard Coker 0-0: Ball
1-0: Foul Ball, location: 2F
1-1: Ball
2-1: Called Strike
2-2: Fly out, F9 (Flyball, 9S)
Batting: RHB Edward Young 0-0: Ball
1-0: DOUBLE (Flyball, 78D)
Batting: LHB Fred Abrams 0-0: Foul Ball, location: 2F
0-1: Swinging Strike
0-2: Ball
1-2: Ball
2-2: Ground out U3 (Groundball, 34S)
Bottom of the 1st over - 0 runs, 1 hit, 0 errors, 1 left on base; Springfield 0 - Austin 0
TOP OF THE 2ND
Springfield Stars batting - Pitching for Austin River Sharks : RHP António Rijo
Batting: LHB Felipe Guerrero 0-0: Called Strike
0-1: Called Strike
0-2: Ball
1-2: Foul Ball, location: 2F
1-2: Ball
2-2: Ground out 4-3 (Groundball, 4S)
Batting: RHB Gabriel Erwin 0-0: Foul Ball, location: 2F
0-1: Ball
1-1: Ground out 6-3 (Groundball, 6)
Batting: RHB Calvin Bennett 0-0: Called Strike
0-1: Ball
1-1: Foul Ball, location: 2F
1-2: Ball
2-2: SINGLE (Line Drive, 56)
Batting: LHB Will Hill 0-0: Ball
1-0: Called Strike
1-1: Ground out 4-3 (Groundball, 4)
Top of the 2nd over - 0 runs, 1 hit, 0 errors, 1 left on base; Springfield 0 - Austin 0
BOTTOM OF THE 2ND
Austin River Sharks batting - Pitching for Springfield Stars : RHP Rien Middelkamp
Batting: RHB Tony Cruz 0-0: Ball
1-0: Foul Ball, location: 2F
1-1: Fly out, F4 (Popup, 4)
Batting: LHB José Liñares 0-0: Called Strike
0-1: Ball
1-1: Fly out, F4 (Flyball, 4D)
Batting: RHB Jack Bailey 0-0: Ball
1-0: Ball
2-0: Called Strike
2-1: Swinging Strike
2-2: Ball
3-2: Foul Ball, location: 2F
3-2: Strikes out swinging
Bottom of the 2nd over - 0 runs, 0 hits, 0 errors, 0 left on base; Springfield 0 - Austin 0
TOP OF THE 3RD
Springfield Stars batting - Pitching for Austin River Sharks : RHP António Rijo
Batting: LHB Elliott Newell 0-0: Called Strike
0-1: Called Strike
0-2: Ball
1-2: Strikes out looking
Batting: RHB Juan Carlos Rodríguez 0-0: Ball
1-0: Ball
2-0: Fly out, F7 (Flyball, 78M)
Batting: SHB António De La Cruz 0-0: Ball
1-0: Called Strike
1-1: Fly out, F8 (Flyball, 8RD)
Top of the 3rd over - 0 runs, 0 hits, 0 errors, 0 left on base; Springfield 0 - Austin 0
BOTTOM OF THE 3RD
Austin River Sharks batting - Pitching for Springfield Stars : RHP Rien Middelkamp
Batting: RHB Paul Swift 0-0: Called Strike
0-1: Ball
1-1: Foul Ball, location: 2F
1-2: Ball
2-2: Strikes out swinging
Batting: RHB Andy Aiton 0-0: Ball
1-0: Ball
2-0: Swinging Strike
2-1: Foul Ball, location: 2F
2-2: Strikes out looking
Batting: LHB Enrico Vargas 0-0: Foul Ball, location: 2F
0-1: Fly out, F7 (Line Drive, 7S)
Bottom of the 3rd over - 0 runs, 0 hits, 0 errors, 0 left on base; Springfield 0 - Austin 0
TOP OF THE 4TH
Springfield Stars batting - Pitching for Austin River Sharks : RHP António Rijo
Batting: LHB Jesús Tobías 0-0: Ground out 4-3 (Groundball, 4M)
Batting: LHB Derek Davidson 0-0: Called Strike
0-1: Foul Ball, location: 2F
0-2: Strikes out swinging
Batting: LHB Felipe Guerrero 0-0: Called Strike
0-1: Foul Ball, location: 2F
0-2: Ground out 4-3 (Groundball, 4M)
Top of the 4th over - 0 runs, 0 hits, 0 errors, 0 left on base; Springfield 0 - Austin 0
BOTTOM OF THE 4TH
Austin River Sharks batting - Pitching for Springfield Stars : RHP Rien Middelkamp
Batting: RHB Richard Coker 0-0: Ground out 5-3 (Groundball, 5L)
Batting: RHB Edward Young 0-0: Called Strike
0-1: Called Strike
0-2: Strikes out looking
Batting: LHB Fred Abrams 0-0: Foul Ball, location: 2F
0-1: Ground out 3-1 (Groundball, 3S)
Bottom of the 4th over - 0 runs, 0 hits, 0 errors, 0 left on base; Springfield 0 - Austin 0
TOP OF THE 5TH
Springfield Stars batting - Pitching for Austin River Sharks : RHP António Rijo
Batting: RHB Gabriel Erwin 0-0: Ball
1-0: Ball
2-0: SINGLE (Line Drive, 6MD)
Batting: RHB Calvin Bennett 0-0: Ball
1-0: Called Strike
1-1: Called Strike
1-2: Ball
2-2: Strikes out swinging
Batting: LHB Will Hill 0-0: Ball
1-0: Swinging Strike
1-1: Foul Ball, location: 2F
1-2: Foul Ball, location: 2F
1-2: Strikes out swinging
Batting: LHB Elliott Newell 0-0: Ball
1-0: Called Strike
1-1: Ball
2-1: Ball
3-1: Ground out 6-3 (Groundball, 6S)
Top of the 5th over - 0 runs, 1 hit, 0 errors, 1 left on base; Springfield 0 - Austin 0
BOTTOM OF THE 5TH
Austin River Sharks batting - Pitching for Springfield Stars : RHP Rien Middelkamp
Batting: RHB Tony Cruz 0-0: Ball
1-0: Swinging Strike
1-1: Ball
2-1: Foul Ball, location: 2F
2-2: Strikes out looking
Batting: LHB José Liñares 0-0: Ball
1-0: SINGLE (Line Drive, 4M)
Batting: RHB Jack Bailey 0-0: Called Strike
0-1: Ball
1-1: Ball
2-1: Swinging Strike
2-2: Fly out, F5 (Line Drive, 5)
Batting: RHB Paul Swift 0-0: Foul Ball, location: 2F
0-1: Ball
1-1: Foul Ball, location: 2F
1-2: Strikes out looking
Bottom of the 5th over - 0 runs, 1 hit, 0 errors, 1 left on base; Springfield 0 - Austin 0
TOP OF THE 6TH
Springfield Stars batting - Pitching for Austin River Sharks : RHP António Rijo
Batting: RHB Juan Carlos Rodríguez 0-0: Ball
1-0: Foul Ball, location: 2F
1-1: Fly out, F6 (Popup, 6D)
Batting: SHB António De La Cruz 0-0: Ball
1-0: Ground out 5-3 (Groundball, 5)
Batting: LHB Jesús Tobías 0-0: Ball
1-0: Foul Ball, location: 2F
1-1: Ball
2-1: Foul Ball, location: 2F
2-2: Fly out, F9 (Flyball, 9LDF)
Top of the 6th over - 0 runs, 0 hits, 0 errors, 0 left on base; Springfield 0 - Austin 0
BOTTOM OF THE 6TH
Austin River Sharks batting - Pitching for Springfield Stars : RHP Rien Middelkamp
Batting: RHB Andy Aiton 0-0: Called Strike
0-1: Ball
1-1: Foul Ball, location: 2F
1-2: Ball
2-2: Foul Ball, location: 2F
2-2: Fly out, F6 (Popup, 6MS)
Batting: LHB Enrico Vargas 0-0: Foul Ball, location: 2F
0-1: Foul Ball, location: 2F
0-2: SOLO HOME RUN (Flyball, 9LD), Distance : 375 ft
Batting: RHB Richard Coker 0-0: Foul Ball, location: 2F
0-1: Swinging Strike
0-2: Strikes out swinging
Batting: RHB Todd Bryant 0-0: Called Strike
0-1: Ball
1-1: SINGLE (Line Drive, 4MD)
Batting: LHB Fred Abrams 0-0: Swinging Strike
0-1: Foul Ball, location: 2F
0-2: Fly out, F9 (Flyball, 9S)
Bottom of the 6th over - 1 run, 2 hits, 0 errors, 1 left on base; Springfield 0 - Austin 1
TOP OF THE 7TH
Springfield Stars batting - Pitching for Austin River Sharks : RHP António Rijo
Now in RF: Todd Bryant
Batting: LHB Derek Davidson 0-0: Ball
1-0: Called Strike
1-1: Called Strike
1-2: Ball
2-2: Fly out, F7 (Flyball, 7LMF)
Batting: LHB Felipe Guerrero 0-0: Ball
1-0: Called Strike
1-1: Ball
2-1: Foul Ball, location: 2F
2-2: Ground out 4-3 (Groundball, 4)
Batting: RHB Gabriel Erwin 0-0: Swinging Strike
0-1: Called Strike
0-2: Foul Ball, location: 2F
0-2: Fly out, F8 (Flyball, 8LD)
Top of the 7th over - 0 runs, 0 hits, 0 errors, 0 left on base; Springfield 0 - Austin 1
BOTTOM OF THE 7TH
Austin River Sharks batting - Pitching for Springfield Stars : RHP Rien Middelkamp
Batting: RHB Tony Cruz 0-0: Foul Ball, location: 2F
0-1: SOLO HOME RUN (Flyball, 78XD), Distance : 394 ft
Batting: LHB José Liñares 0-0: Ground out 1-3 (Groundball, 15S)
Batting: RHB Jack Bailey 0-0: Ball
1-0: Called Strike
1-1: Ball
2-1: Ball
3-1: SINGLE (Line Drive, 6MD)
Batting: RHB Paul Swift 0-0: Called Strike
0-1: Ball
1-1: Fly out, F6 (Line Drive, 6M)
Batting: RHB Andy Aiton 0-0: Ball
1-0: Fly out, F8 (Flyball, 8RM)
Bottom of the 7th over - 1 run, 2 hits, 0 errors, 1 left on base; Springfield 0 - Austin 2
TOP OF THE 8TH
Springfield Stars batting - Pitching for Austin River Sharks : RHP António Rijo
Batting: RHB Calvin Bennett 0-0: Foul Ball, location: 2F
0-1: Swinging Strike
0-2: Ball
1-2: Foul Ball, location: 2F
1-2: Ball
2-2: Foul Ball, location: 2F
2-2: Ball
3-2: Foul Ball, location: 2F
3-2: Strikes out swinging
Batting: LHB Will Hill 0-0: Called Strike
0-1: Ground out 4-3 (Groundball, 4M)
Batting: LHB Elliott Newell 0-0: Foul Ball, location: 2F
0-1: Called Strike
0-2: Ground out 4-3 (Groundball, 4)
Top of the 8th over - 0 runs, 0 hits, 0 errors, 0 left on base; Springfield 0 - Austin 2
BOTTOM OF THE 8TH
Austin River Sharks batting - Pitching for Springfield Stars : RHP Rien Middelkamp
Pitching: LHP John Livingston
Batting: LHB Enrico Vargas 0-0: Ball
1-0: Foul Ball, location: 2F
1-1: Foul Ball, location: 2F
1-2: Foul Ball, location: 2F
1-2: Ball
2-2: Foul Ball, location: 2F
2-2: Ball
3-2: DOUBLE (Flyball, 89XD)
Pitching: LHP Cristián Escobar
Batting: RHB Richard Coker 0-0: Called Strike
0-1: Ball
1-1: Ball
2-1: Ball
3-1: Swinging Strike
3-2: Strikes out looking
Batting: RHB Todd Bryant 0-0: Called Strike
0-1: Ball
1-1: Foul Ball, location: 2F
1-2: Ball
Passed Ball!
Enrico Vargas to third
2-2: Ground out 6-3 (Groundball, 6)
Batting: LHB Fred Abrams 0-0: Ball
1-0: Called Strike
1-1: TRIPLE (Flyball, 89XD)
Enrico Vargas scores
Batting: RHB Tony Cruz 0-0: Intentional Walk
Batting: LHB José Liñares 0-0: Ball
1-0: Ball
2-0: Foul Ball, location: 2F
2-1: SINGLE (Groundball, 4MD)
Fred Abrams scores
Tony Cruz to second
Batting: RHB Jack Bailey 0-0: Called Strike
0-1: Swinging Strike
0-2: Strikes out looking
Bottom of the 8th over - 2 runs, 3 hits, 0 errors, 2 left on base; Springfield 0 - Austin 4
TOP OF THE 9TH
Springfield Stars batting - Pitching for Austin River Sharks : RHP António Rijo
Batting: RHB Juan Carlos Rodríguez 0-0: Fly out, F8 (Flyball, 78D)
Batting: SHB António De La Cruz 0-0: Ball
1-0: Ground out U3 (Groundball, 3L)
Batting: LHB Jesús Tobías 0-0: Called Strike
0-1: Called Strike
0-2: Foul Ball, location: 2F
0-2: Fly out, F3 (Line Drive, 3)
Top of the 9th over - 0 runs, 0 hits, 0 errors, 0 left on base; Springfield 0 - Austin 4
Saturday, April 7th, 2018 - OOTP Baseball 18.8 Build 76